 Dungeon Crawl Stone Soup version 0.25-a0-253-g6f1b5d974a (webtiles) character file.

Game seed: 5102034383463383481, levelgen mode: deterministic

281 floatRand the Chopper (level 6, -2/46 HPs)
             Began as a Demonspawn Gladiator on Dec 5, 2019.
             Slain by a centaur (7 damage)
             ... on level 4 of the Dungeon.
             The game lasted 00:02:57 (2572 turns).

floatRand the Chopper (Demonspawn Gladiator)        Turns: 2572, Time: 00:02:57

Health: -2/46      AC:  6    Str: 15    XL:     6   Next: 6%
Magic:  0/6        EV: 14    Int:  9    God:
Gold:   85         SH:  0    Dex: 16    Spells: 5/5 levels left

rFire    . . .     SeeInvis .   a - +0 war axe
rCold    . . .     Gourm    .   (no shield)
rNeg     . . .     Faith    .   b - +0 leather armour
rPois    .         Spirit   +   c - +0 helmet
rElec    .         Reflect  .   (no cloak)
rCorr    .         Harm     .   (no gloves)
MR       .....                  (no boots)
Stlth    +.........             (no amulet)
HPRegen  0.15/turn              (no ring)
MPRegen  0.10/turn              (no ring)

@: no status effects
A: hooves 1, rugged brown scales 2, spiny 1, magic shield
a: no special abilities


You were on level 4 of the Dungeon.
You were not hungry.

You visited 1 branch of the dungeon, and saw 4 of its levels.

You collected 85 gold pieces.

Inventory:

Hand Weapons
 a - a +0 war axe (weapon)
 p - a cursed -3 whip
Missiles
 d - 3 throwing nets (quivered)
 o - 4 curare-tipped darts
 q - 6 boomerangs
Armour
 b - a +0 leather armour (worn)
 c - a +0 helmet (worn)
Jewellery
 v - an uncursed ring of ice {unknown}
 y - an uncursed ring of wizardry {unknown}
Wands
 u - a wand of clouds (4)
Scrolls
 e - a scroll of noise {unknown}
 g - 4 scrolls of identify {unknown}
 j - a scroll of magic mapping {unknown}
 k - 2 scrolls of enchant armour {unknown}
 m - a scroll of amnesia {unknown}
 n - 2 scrolls of remove curse {unknown}
 r - 2 scrolls of enchant weapon {unknown}
 t - 3 scrolls of teleportation {unknown}
 x - a scroll of fog {unknown}
Potions
 h - a potion of agility {unknown}
 l - a potion of heal wounds {unknown}
 s - 2 potions of berserk rage {unknown}
 w - 2 potions of haste {unknown}
Comestibles
 f - 7 rations
 i - a chunk of flesh


   Skills:
 - Level 2.0 Fighting
 + Level 4.8 Axes
 - Level 1.7 Throwing
 + Level 4.7 Dodging


You had 5 spell levels left.
You didn't know any spells.
Your spell library was empty.

Dungeon Overview and Level Annotations

Branches:
Dungeon (4/15)
 Temple: D:4-7

Altars:
Nemelex Xobeh
Trog
Wu Jian


Innate Abilities, Weirdness & Mutations

You have large cloven feet.
You are mostly covered in rugged brown scales. (AC +2, +5% HP)
You are partially covered in sharp spines.
When hurt, damage is shared between your health and your magic reserves.


Message History

* * * LOW HITPOINT WARNING * * *
You see here 2 arrows.
You are too injured to fight recklessly!
Unknown command.
The centaur unwields a +0 shortbow.
The centaur hits you but does no damage.
You are too injured to fight recklessly!
Unknown command.
The centaur hits you.
* * * LOW HITPOINT WARNING * * *
You are too injured to fight recklessly!
Unknown command.
You are too injured to fight recklessly!
Unknown command.
Unknown command.
You closely miss the centaur. Your kick misses the centaur.
The centaur hits you.
* * * LOW HITPOINT WARNING * * *
The centaur hits you!
You die...

#. ... . ######... ...
#..<..... ..... #.#......
...... #.#...... .......
###@c...............
+...................
###(.......)........
#.................
#(................
#(................
#.....(...........
#(...............)
#......#.................


You could see a centaur.

Vanquished Creatures
  A hound (D:3)
  A bullfrog skeleton (D:4)
  An orc wizard (D:3)
  Terence (D:3)
  A worker ant (D:4)
  5 adders
  An ooze (D:4)
  3 worms
  2 dart slugs
  3 leopard geckos
  4 orcs (D:3)
  A ball python (D:3)
  6 bats
  A giant cockroach (D:3)
  13 hobgoblins
  6 jackals
  4 kobolds
  A quokka (D:2)
  6 frilled lizards
  9 goblins
  9 rats
79 creatures vanquished.

Notes
Turn   | Place    | Note
-------+----------+-------------------------------------------
     0 | D:1      | floatRand the Demonspawn Gladiator began the quest for the
                  | Orb.
     0 | D:1      | Reached XP level 1. HP: 16/16 MP: 1/1
   126 | D:1      | Gained mutation: You have large cloven feet. [demonic
                  | ancestry]
   126 | D:1      | Reached XP level 2. HP: 22/22 MP: 2/2
   557 | D:2      | Gained mutation: When hurt, damage is shared between your
                  | health and your magic reserves. [demonic ancestry]
   557 | D:2      | Reached XP level 3. HP: 20/27 MP: 3/3
  1119 | D:2      | Gained mutation: You are partially covered in rugged brown
                  | scales. (AC +1, +3% HP) [demonic ancestry]
  1119 | D:2      | Reached XP level 4. HP: 26/33 MP: 4/4
  1334 | D:3      | Found a sparkling altar of Nemelex Xobeh.
  1618 | D:3      | Gained mutation: You are partially covered in sharp spines.
                  | [demonic ancestry]
  1618 | D:3      | Reached XP level 5. HP: 31/39 MP: 3/5
  1664 | D:3      | Noticed Terence
  1686 | D:3      | Killed Terence
  2141 | D:3      | Found a bloodstained altar of Trog.
  2251 | D:4      | Found an ornate altar of the Wu Jian Council.
  2437 | D:4      | Gained mutation: You are mostly covered in rugged brown
                  | scales. (AC +2, +5% HP) [demonic ancestry]
  2437 | D:4      | Reached XP level 6. HP: 30/46 MP: 3/6
  2572 | D:4      | Slain by a centaur

Levels and vault maps discovered:
D:1:      beargit_arrival_greenhouse, layout_basic, minmay_lizard_pond
D:2:      layout_basic
D:3:      layout_loops_ring, lightli_temple_of_fire, lemuel_doored_altar,
          first_ration, uniq_terence
D:4:      layout_basic, overflow_temple_1_default

Skill      XL: |  1  2  3  4 |
---------------+-------------+-----
Axes           | 3 4 |  4.8
Dodging        | 3 4 |  4.7
Fighting       | |  2.0
Throwing       | |  1.7

Action                   |  1- 3 |  4- 6 || total
-------------------------+-------+-------++-------
Melee: War axe           |   105 |    99 ||   204
       Kick              |    29 |    24 ||    53
  Use: Potion            |       |     2 ||     2
 Stab: Sleeping          |     1 |       ||     1
  Eat: Chunk             |     1 |     5 ||     6
Armor: Leather armour    |    24 |    31 ||    55
Dodge: Dodged            |   107 |    78 ||   185

Table legend:
 A = Non-vault XP
 B = Vault XP
 C = Vault XP percentage of total XP
 D = Non-vault monster count
 E = Vault monster count
 F = Vault count percentage of total count
                 A         B        C        D         E       F
            +---------+---------+-------+---------+---------+-------
      Total |     364 |      38 |   9.5 |      76 |       3 |   3.8
            +---------+---------+-------+---------+---------+-------
        D:1 |      30 |       2 |   6.2 |      16 |       2 |  11.1
        D:2 |      81 |       0 |   0.0 |      29 |       0 |   0.0
        D:3 |     155 |      36 |  18.8 |      26 |       1 |   3.7
        D:4 |      98 |       0 |   0.0 |       5 |       0 |   0.0
            +---------+---------+-------+---------+---------+-------
